 Dungeon Crawl Stone Soup version 0.24.1-8-ga250c9d538 (webtiles) character file.

Game seed: 16778687940223864203, levelgen mode: deterministic

505223 Goreval the Slayer (level 25, -15/216 HPs)
             Began as a Barachi Gladiator on Apr 21, 2020.
             Was the Champion of Cheibriados.
             Demolished by a titan (38 damage)
             ... on level 5 of the Vaults on May 7, 2020.
             The game lasted 02:11:09 (53097 turns).

Goreval the Slayer (Barachi Gladiator)             Turns: 53097, Time: 02:11:09

Health: -15/216    AC: 41    Str: 50    XL:     25   Next: 33%
Magic:  35/35      EV: 30    Int: 26    God:    Cheibriados [******]
Gold:   3631       SH: 46    Dex: 37    Spells: 24/24 levels left

rFire    + . .     SeeInvis .   a - +9 scimitar (flame)
rCold    + . .     Gourm    .   W - +8 large shield
rNeg     + + +     Faith    .   l - +10 plate armour of Tiniob {*Drain rC+ MR++ rCorr}
rPois    .         Spirit   .   j - +0 helmet of Supple Strength {*Slow rN+++ Str+4}
rElec    .         Reflect  +   k - +2 cloak
rCorr    +         Harm     .   P - +2 pair of gloves
MR       +++..                  e - +2 pair of boots
Stlth    ..........             c - +4 amulet of reflection
HPRegen  0.46/turn              o - ring "Izxiqu Piete" {rCorr Str+9 Dex+3}
MPRegen  0.24/turn              n - ring of protection from fire

@: about to teleport, marked, constricted, very slow
A: +LOS, swims, fangs 1, large bone plates 1, camouflage 1, slowness 1, strong
1, sturdy frame 1, strong legs 2
}: 2/15 runes: decaying, gossamer
a: Hop, Bend Time, Temporal Distortion, Slouch, Step From Time, Renounce
Religion


You were on level 5 of the Vaults.
You worshipped Cheibriados.
Cheibriados was exalted by your worship.
You were not hungry.

You visited 8 branches of the dungeon, and saw 42 of its levels.
You visited 1 bazaar.
You also visited: Sewer, Gauntlet and Ice Cave.

You collected 5602 gold pieces.
You spent 1971 gold pieces at shops.

Inventory:

Hand Weapons
 a - a +9 scimitar of flaming (weapon)
Missiles
 d - 5 throwing nets
 p - 1057 stones (quivered)
Armour
 e - a +2 pair of boots (worn)
 j - the +0 helmet of Supple Strength (worn) {*Slow rN+++ Str+4}
   (You bought it in a shop in a bazaar)

   It affects your strength (+4).
   It renders you almost immune to negative energy.
   It may slow you when you take damage.
 k - a +2 cloak (worn)
 l - the +10 plate armour of Tiniob (worn) {*Drain rC+ MR++ rCorr}
   (You found it on level 5 of the Dungeon)

   It protects you from cold.
   It affects your resistance to hostile enchantments.
   It provides partial protection from all sources of acid and corrosion.
   It causes draining when unequipped.
 t - a +0 shield of protection
 z - a +0 buckler of reflection
 P - a +2 pair of gloves (worn)
 W - a +8 large shield (worn)
Jewellery
 c - a +4 amulet of reflection (around neck)
 n - a ring of protection from fire (right hand)
 o - the ring "Izxiqu Piete" (left hand) {rCorr Str+9 Dex+3}
   (You bought it in a shop on level 2 of the Depths)

   [ring of resist corrosion]

   It affects your strength (+9).
   It affects your dexterity (+3).
   It provides partial protection from all sources of acid and corrosion.
 C - an uncursed ring of fire
 E - an uncursed ring of poison resistance
 L - an uncursed ring of protection from cold
 T - an uncursed ring of see invisible
 Y - an uncursed ring of flight
Wands
 h - a wand of enslavement (25)
 A - a wand of paralysis (41)
 V - a wand of iceblast (35)
Scrolls
 b - 5 scrolls of fear
 m - 16 scrolls of teleportation
 q - 7 scrolls of immolation
 u - 31 scrolls of identify
 y - a scroll of amnesia
 D - a scroll of enchant weapon
 F - 3 scrolls of enchant armour
 G - 5 scrolls of blinking
 H - a scroll of silence
 J - 4 scrolls of magic mapping
 N - 14 scrolls of remove curse
 Q - 4 scrolls of holy word
 X - a scroll of brand weapon
 Z - 8 scrolls of fog
Potions
 g - 4 potions of lignification
 i - 24 potions of curing
 r - 3 potions of cancellation
 v - 16 potions of heal wounds
 x - 5 potions of flight
 B - 4 potions of might
 I - a potion of agility
 K - 3 potions of ambrosia
 M - 7 potions of mutation
 R - a potion of resistance
 S - 2 potions of invisibility
Miscellaneous
 s - 3 phantom mirrors
Comestibles
 f - 73 rations
 w - 11 chunks of flesh


   Skills:
 + Level 21.9 Fighting
 - Level 16.0 Long Blades
 - Level 12.6 Throwing
 + Level 17.8 Armour
 + Level 20.0 Dodging
 - Level 20.3 Shields
 * Level 17.6 Invocations


You had 24 spell levels left.
You didn't know any spells.
Your spell library contained the following spells:

 Spells                   Type           Power        Failure   Level  Hunger
 Animate Skeleton         Necr           N/A          43%         1    ##.....
 Apportation              Tloc           #.....       43%         1    ##.....
 Beastly Appendage        Tmut           #.....       43%         1    ##.....
 Confusing Touch          Hex            #.....       43%         1    ##.....
 Corona                   Hex            #......      43%         1    ##.....
 Flame Tongue             Conj/Fire      #....        43%         1    ##.....
 Freeze                   Ice            #...         43%         1    ##.....
 Magic Dart               Conj           #...         43%         1    ##.....
 Summon Butterflies       Summ           #.......     43%         1    ##.....
 Summon Small Mammal      Summ           #...         43%         1    ##.....
 Blink                    Tloc           N/A          58%         2    ###....
 Call Imp                 Summ           #.......     58%         2    ###....
 Ensorcelled Hibernation  Hex/Ice        #.....       58%         2    ###....
 Passwall                 Tmut/Erth      #.......     58%         2    ###....
 Searing Ray              Conj           #.....       58%         2    ###....
 Slow                     Hex            #.......     58%         2    ###....
 Sticks to Snakes         Tmut           #.......     58%         2    ###....
 Swiftness                Chrm/Air       #.......     58%         2    ###....
 Throw Flame              Conj/Fire      #.....       58%         2    ###....
 Throw Frost              Conj/Ice       #.....       58%         2    ###....
 Call Canine Familiar     Summ           #.......     82%         3    ####...
 Confuse                  Hex            #.......     82%         3    ####...
 Conjure Flame            Conj/Fire      #.......     82%         3    ####...
 Dazzling Spray           Conj/Hex       #.....       82%         3    ####...
 Gell's Gravitas          Tloc           #.........   82%         3    ####...
 Inner Flame              Hex/Fire       #.......     82%         3    ####...
 Lesser Beckoning         Tloc           #.........   82%         3    ####...
 Mephitic Cloud           Conj/Pois/Air  #.......     82%         3    ####...
 Ozocubu's Armour         Chrm/Ice       #.......     82%         3    ####...
 Spider Form              Tmut/Pois      #.........   82%         3    ####...
 Tukima's Dance           Hex            #.......     82%         3    ####...
 Cause Fear               Hex            #.........   99%         4    #####..
 Force Lance              Conj/Tloc      #.......     99%         4    #####..
 Fulminant Prism          Conj/Hex       #.........   99%         4    #####..
 Ice Form                 Ice/Tmut       #.......     99%         4    #####..
 Iskenderun's Mystic Bla  Conj           #.......     99%         4    #####..
 Passage of Golubria      Tloc           N/A          99%         4    #####..
 Petrify                  Tmut/Erth      #.......     99%         4    #####..
 Sticky Flame             Conj/Fire      #.......     99%         4    #####..
 Summon Ice Beast         Ice/Summ       #.......     99%         4    #####..
 Summon Lightning Spire   Summ/Air       #.......     99%         4    #####..
 Throw Icicle             Conj/Ice       #.......     99%         4    #####..
 Alistair's Intoxication  Tmut/Pois      #.......     100%        5    ######.
 Blade Hands              Tmut           #.........   100%        5    ######.
 Fireball                 Conj/Fire      #.........   100%        5    ######.
 Lee's Rapid Deconstruct  Erth           #.........   100%        5    ######.
 Metabolic Englaciation   Hex/Ice        #.........   100%        5    ######.
 Silence                  Hex/Air        #.........   100%        5    ######.
 Summon Mana Viper        Hex/Summ       #.......     100%        5    ######.
 Yara's Violent Unravell  Hex/Tmut       #.........   100%        5    ######.
 Conjure Ball Lightning   Conj/Air       #.........   100%        6    #######
 Darkness                 Hex            #.........   100%        6    #######
 Deflect Missiles         Chrm/Air       #.........   100%        6    #######
 Invisibility             Hex            #.......     100%        6    #######
 Summon Hydra             Summ           #.........   100%        7    #######
 Discord                  Hex            #.........   100%        8    #######
 Tornado                  Air            #.........   100%        9    #######


Dungeon Overview and Level Annotations

Branches:
Dungeon (15/15)            Temple (1/1) D:4            Lair (6/6) D:10
  Swamp (4/4) Lair:3       Spider (4/4) Lair:2        Slime (0/5) Lair:5
    Orc (2/2) D:11            Elf (0/3) Orc:2        Vaults (5/5) D:14
  Crypt (0/3) Vaults:2     Depths (5/5) D:15            Zot (0/5) Depths:5
  Sewer (visited)           IceCv (visited)         Gauntlet (visited)

Altars:
Ashenzari
Cheibriados
Dithmenos
Elyvilon
Fedhas
Gozag
Hepliaklqana
Kikubaaqudgha
Makhleb
Nemelex Xobeh
Okawaru
Qazlal
Ru
Sif Muna
Trog
Uskayaw
Vehumet
Wu Jian
Xom
Yredelemnul
Zin
The Shining One

Shops:
D:11 %   D:15 [*!=   Orc:2 [:(=   Vaults:4 !   Depths:2 [[=*

Portals:
Hell: Depths:1 Depths:2 Depths:3 Depths:4 Depths:5
Abyss: Depths:2 Depths:3 Depths:4
Pandemonium: Depths:2 Depths:3
Ziggurat: Depths:1
Trove: Vaults:2 (give +6 demon whip)

Annotations:
Orc:2 2 transporters, worthlessgem's ghost, journeyman FoAM


Innate Abilities, Weirdness & Mutations

Shadows flee at your approach. (+LOS)
You can swim through water.
You cover ground slowly.
You can hop long distances.
You have very sharp teeth.
You are partially covered in large bone plates. (SH +4)
Your skin changes colour to match your surroundings (Stealth+).
Your muscles are strong. (Str +2)
Your movements are slightly less encumbered by armour. (ER -2)


Message History

As you read the scroll of teleportation, it crumbles to dust.
You feel strangely unstable.
The tengu reaver mumbles some strange words.
The tengu reaver conjures a globe of magical energy!
The deep elf high priest mumbles some strange prayers to its god against you.
Something smites you!
* * * LOW HITPOINT WARNING * * *
Something hits you but does no damage.
The shadow dragon bites you but does no damage.
You block the shadow dragon's attack. x2; You block the orc warrior's attack.
The tentacled monstrosity misses you.
You block the tentacled monstrosity's attack.
The tentacled monstrosity tentacle-slaps you but does no damage.
The tentacled monstrosity constricts you.
A deep elf high priest comes into view. It is wielding a -1 long sword.
The frost giant casts a spell at you. The bolt of cold misses you.
The ironbrand convoker points at the titan and mumbles some strange words.
The titan seems to grow stronger.
The titan hits you!!!
You die... ############# ........... .(.(...(. ......(. ss...( #X..(# #CoCo#

#DXC(#
#*@CQ#
#pC{.#
#.e.*#
#.e4.#
#....#
#.e3.#
+#.C..#
##.#.(..#
##..#.e.(#


You could see a shadow dragon, 2 tentacled monstrosities, a titan, a frost
giant, 3 fire giants, a tengu reaver, an orc knight, an ettin, a deep elf
demonologist, an orange demon, 2 deep elf high priests, an ironbrand convoker, a
deep elf mage, a neqoxec, an orc warrior, 2 redbacks and 2 battlespheres.

Vanquished Creatures
  2 juggernauts (Depths:2)
  The ghost of Vukekh Huta the Fencer, a veteran BaIE of Cheibriados (Depths:3)
  Margery (Vaults:2)
  Bai Suzhen (Vaults:4)
  Saint Roka (Depths:2)
  the Lernaean hydra (Swamp:4)
  4 caustic shrikes
  4 golden dragons
  Arachne (Spider:2)
  Nikola (Spider:3)
  A lich (Depths:4)
  3 tentacled monstrosities
  Jorgrun (D:15)
  6 titans
  Frances (Swamp:2)
  5 sphinxes
  4 tengu reavers
  3 thorn hunters
  2 shadow dragons
  3 storm dragons
  Roxanne (D:15)
  5 fire giants
  An iron dragon (Depths:5)
  A draconian scorcher (Depths:5)
  15 vault wardens
  6 emperor scorpions
  Louise (Spider:2)
  Aizul (Depths:2)
  2 deep elf sorcerers
  3 ghost moths
  15 frost giants
  A spriggan defender (Depths:3)
  The ghost of Onoqeda the Basher, a journeyman DsBe of Trog (D:15)
  17 stone giants
  16 ironheart preservers
  A war gargoyle (Vaults:2)
  31 very ugly things
  A vampire knight (Depths:3)
  6 entropy weavers
  A deep elf demonologist (Vaults:5)
  A red draconian (Depths:5)
  2 deep elf annihilators
  3 yellow draconians (Depths:5)
  A minotaur (Gauntlet)
  4 spark wasps
  A dire elephant (shapeshifter) (D:15)
  2 white draconians (Depths:5)
  2 purple draconians (Depths:5)
  14 ettins
  6 jiangshi
  12 fire dragons
  A deep elf death mage (Depths:4)
  A merfolk impaler (Depths:1)
  15 great orbs of eyes
  Josephine (D:12)
  2 deep elf high priests
  Erolcha (D:13)
  11 ogre magi
  13 hydras
  The ghost of Puolirhi the Spear-Bearer, a journeyman CeWr of the Shining One (Lair:2)
  Harold (D:8)
  12 yaktaur captains
  Fannar (Orc:1)
  5 rakshasas
  12 ice dragons
  34 vault guards
  A ghost crab (Swamp:4)
  A catoblepas (Gauntlet)
  9 centaur warriors
  8 alligators
  4 spriggan air magi
  A queen ant (Spider:3)
  A shambling mangrove (Swamp:3)
  2 death knights
  A hell beast (Depths:3)
  41 two-headed ogres
  10 deep troll shamans
  The ghost of Gruesph the Spear-Bearer, a novice MfSk of Yredelemnul (D:9)
  3 vampire magi
  9 tengu warriors
  8 deep troll earth magi
  3 death yaks (Lair:5)
  29 spriggans
  5 spriggan berserkers
  An orc high priest (Orc:1)
  Sonja (Orc:2)
  A titan skeleton (Depths:2)
  3 deep elf knights
  8 iron trolls
  A spark wasp zombie (Depths:4)
  25 deep trolls
  7 hell knights
  5 skeletal warriors (Vaults:2)
  A spriggan druid (Swamp:4)
  6 glowing orange brains
  A swamp dragon (shapeshifter) (Vaults:5)
  5 phantasmal warriors
  8 unseen horrors
  An infernal demonspawn (Depths:3)
  A lindwurm (shapeshifter) (Depths:4)
  2 tengu zombies
  A torturous demonspawn (Depths:3)
  6 wizards
  11 swamp dragons
  5 harpies
  5 deep elf archers
  6 large abominations
  4 flayed ghosts
  A harpy (shapeshifter) (Vaults:1)
  18 orb spiders
  2 wolf spider zombies (D:15)
  18 ironbrand convokers
  8 orc knights
  12 deep elf magi
  7 necromancers
  A stone giant zombie (Vaults:4)
  48 ugly things
  A sphinx zombie (Vaults:4)
  A manticore (shapeshifter) (Vaults:4)
  A tengu skeleton (Vaults:4)
  31 wolf spiders
  A mana viper (shapeshifter) (D:15)
  2 orc sorcerers
  A fire giant zombie (Depths:4)
  8 cyclopes
  15 elephants
  2 manticores
  3 moths of wrath
  A moth of wrath (shapeshifter) (Depths:2)
  31 slime creatures
  A stone giant skeleton (Depths:2)
  3 black mambas
  An apocalypse crab (Gauntlet)
  An elephant (shapeshifter) (Vaults:1)
  3 centaur zombies
  2 ice statues (IceCv)
  A torpor snail (Lair:4)
  A rust devil (Depths:3)
  11 vault sentinels
  A titan simulacrum (Depths:4)
  2 gargoyles (Gauntlet)
  4 kobold demonologists
  35 spiny frogs
  A redback zombie (D:13)
  A spiny frog (shapeshifter) (Vaults:3)
  9 komodo dragons
  3 efreet
  9 rime drakes
  55 yaktaurs
  13 demonic crawlers
  9 freezing wraiths
  A golden dragon simulacrum (Depths:2)
  3 tengu conjurers
  A human skeleton (Vaults:4)
  A meliai (shapeshifter) (Vaults:4)
  8 trolls
  A polar bear (Lair:5)
  A troll (shapeshifter) (Depths:4)
  A jumping spider (shapeshifter) (D:15)
  33 jumping spiders
  2 red devils (Depths:3)
  Grinder (D:5)
  A polar bear (shapeshifter) (Vaults:3)
  23 hornets
  9 tyrant leeches
  A blink frog (shapeshifter) (Vaults:2)
  11 bog bodies
  40 blink frogs
  A frost giant simulacrum (Vaults:3)
  A stone giant simulacrum (Vaults:2)
  6 hippogriffs
  79 redbacks
  4 vampires
  A hippogriff (shapeshifter) (Vaults:2)
  15 tarantellas
  6 shadows
  6 wraiths
  45 yaks
  An elf simulacrum (Depths:4)
  4 fire bats (D:8)
  5 wyverns
  2 humans (D:10)
  6 basilisks
  A basilisk (shapeshifter) (D:15)
  A hungry ghost (D:14)
  A steam dragon (D:11)
  6 chaos spawn (Depths:4)
  14 vampire mosquitoes
  15 swamp worms
  3 insubstantial wisps (Swamp:3)
  6 wargs
  21 soldier ants (Spider:3)
  A hell hound (D:8)
  18 water moccasins
  9 porcupines
  A floating eye (shapeshifter) (Depths:5)
  10 swamp drakes
  2 floating eyes
  A black bear (shapeshifter) (Depths:4)
  3 sky beasts
  20 ice beasts
  An eye of draining (D:12)
  38 orc warriors
  5 black bears
  4 phantoms
  An ettin simulacrum (Vaults:3)
  42 ogres
  2 black mamba simulacra (Lair:2)
  10 wolves
  8 crocodiles
  16 centaurs
  12 big kobolds
  Blork the orc (D:4)
  A human zombie (Vaults:4)
  2 gnoll sergeants
  31 bullfrogs
  4 scorpions
  9 small abominations
  3 wyvern skeletons
  The ghost of cada the Skirmisher, a weakling NaFi (D:6)
  A killer bee (D:4)
  8 wights
  An electric eel (Lair:6)
  The ghost of hasy the Chiller, a weakling MfIE (D:4)
  7 howler monkeys
  10 crimson imps
  2 lava snakes (D:8)
  A wyvern simulacrum (Lair:2)
  2 bullfrog zombies
  5 hounds
  2 jellies
  2 quasits
  2 centaur skeletons
  27 orc priests
  A water moccasin simulacrum (Lair:2)
  3 bullfrog skeletons
  2 iguanas (D:4)
  23 orc wizards
  Ijyb (D:5)
  30 worker ants
  3 hell rats (Lair:4)
  A yak simulacrum (Lair:2)
  A bullfrog simulacrum (Lair:2)
  2 hound zombies (D:10)
  A hound skeleton (D:5)
  A howler monkey zombie (D:6)
  A crocodile simulacrum (Lair:2)
  13 gnolls
  20 adders
  6 river rats
  9 shadow imps
  A white imp (Depths:3)
  3 oozes
  An adder zombie (D:5)
  2 adder skeletons
  4 worms
  A worm (shapeshifter) (Depths:2)
  2 dart slugs
  8 leopard geckos
  118 orcs
  8 giant cockroaches
  6 goblins
  12 hobgoblins
  8 jackals
  7 quokkas
  5 ball pythons
  6 bats
  13 frilled lizards
  A giant cockroach zombie (D:5)
  22 kobolds
  2 leopard gecko zombies (D:5)
  A quokka zombie (D:5)
  10 rats
  2 briar patches
  A crawling corpse (Depths:4)
  2 fire vortices (D:8)
2041 creatures vanquished.

Vanquished Creatures (others)
  4 stone giants
  A yaktaur captain (Depths:4)
  3 centaur warriors
  A spriggan druid (Swamp:3)
  A harpy (Vaults:5)
  An orb spider (Spider:2)
  A rime drake (Lair:2)
  5 yaktaurs
  2 jumping spiders (Spider:2)
  A hornet (Swamp:4)
  A slime creature (Depths:2)
  2 spriggans (Swamp:4)
  A warg (Vaults:2)
  An orc warrior (Vaults:5)
  A crocodile (shapeshifter) (Vaults:5)
  3 orcs
  9 bushes (Depths:3)
  A crawling corpse (Vaults:5)
  4 demonic plants (Gauntlet)
  A fire vortex (D:8)
  20 fungi
  55 plants
119 creatures vanquished.

Grand Total: 2160 creatures vanquished

Notes
Turn   | Place    | Note
-------+----------+-------------------------------------------
     0 | D:1      | Goreval the Barachi Gladiator began the quest for the Orb.
     0 | D:1      | Reached XP level 1. HP: 17/17 MP: 1/1
   116 | D:1      | Reached XP level 2. HP: 19/23 MP: 2/2
   791 | D:2      | Reached XP level 3. HP: 25/28 MP: 3/3
   855 | D:2      | Reached skill level 3 in Fighting
  1076 | D:2      | Reached skill level 1 in Armour
  1278 | D:2      | Reached XP level 4. HP: 35/35 MP: 4/4
  2071 | D:3      | Reached skill level 5 in Long Blades
  2081 | D:3      | Found a glowing drain.
  2085 | Sewer    | Entered a sewer
  2154 | Sewer    | Reached XP level 5. HP: 30/41 MP: 5/5
  2492 | Sewer    | Reached skill level 4 in Fighting
  2492 | Sewer    | Reached XP level 6. HP: 13/48 MP: 6/6
  3579 | D:4      | Got a heavily jewelled robe
  3610 | D:4      | Identified the +2 robe of Gymoecyh {rF+} (You found it on
                  | level 4 of the Dungeon)
  3674 | D:4      | Got a bloodstained scale mail
  3686 | D:4      | Identified the +0 scale mail "Maibi" {rN+ MR- Int+4} (You
                  | found it on level 4 of the Dungeon)
  3836 | D:4      | Noticed a phantom
  3876 | D:4      | Killed a phantom
  3876 | D:4      | Reached XP level 7. HP: 24/55 MP: 7/7
  4016 | D:4      | Noticed Blork the orc
  4026 | D:4      | Killed Blork the orc
  4137 | D:4      | Found a staircase to the Ecumenical Temple.
  4159 | Temple   | Entered the Ecumenical Temple
  4166 | Temple   | Became a worshipper of Cheibriados the Contemplative
  4191 | D:4      | Found a runed translucent door.
  4194 | D:4      | Noticed hasy's ghost (weakling MfIE)
  4351 | D:5      | Entered Level 5 of the Dungeon
  4351 | D:5      | Noticed a hippogriff
  4364 | D:4      | Killed a hippogriff
  4364 | D:4      | Reached skill level 5 in Fighting
  4364 | D:4      | Reached skill level 5 in Dodging
  4442 | D:5      | Noticed Grinder
  4451 | D:5      | Paralysed by Grinder for 6 turns
  4467 | D:5      | Paralysed by Grinder for 2 turns
  4671 | D:5      | Paralysed by Grinder for 7 turns
  4679 | D:5      | Paralysed by Grinder for 7 turns
  4693 | D:5      | Killed Grinder
  4693 | D:5      | Reached XP level 8. HP: 63/63 MP: 8/8
  4742 | D:5      | Noticed Ijyb
  4778 | D:5      | Killed Ijyb
  4818 | D:5      | Reached * piety under Cheibriados
  4900 | D:5      | Reached skill level 5 in Armour
  5145 | D:5      | Got a bloodstained plate armour
  5290 | D:5      | Reached skill level 6 in Fighting
  5550 | D:6      | Reached ** piety under Cheibriados
  5555 | D:6      | Reached skill level 1 in Invocations
  5611 | D:6      | Reached XP level 9. HP: 70/70 MP: 9/9
  5906 | D:6      | Found a hazy altar of Hepliaklqana.
  6121 | D:6      | Reached *** piety under Cheibriados
  6125 | D:6      | Found a sacrificial altar of Ru.
  6153 | D:6      | Found a runed translucent door.
  6188 | D:6      | Noticed cada's ghost (weakling NaFi)
  6605 | D:7      | Reached skill level 10 in Long Blades
  6708 | D:7      | Reached skill level 7 in Fighting
  6988 | D:7      | Found a white marble altar of Elyvilon.
  7184 | D:8      | Found a snail-covered altar of Cheibriados.
  7314 | D:8      | Identified the +10 plate armour of Tiniob {*Drain rC+ MR++
                  | rCorr} (You found it on level 5 of the Dungeon)
  7422 | D:8      | Reached **** piety under Cheibriados
  7578 | D:8      | Noticed Harold
  7596 | D:8      | Killed Harold
  7596 | D:8      | Reached XP level 10. HP: 48/80 MP: 12/12
  8301 | D:8      | Reached skill level 8 in Fighting
  8381 | D:8      | Got a heavily runed turquoise ring
  8541 | D:8      | Identified the cursed ring "Foorua" {rN+ Str+7 Dex-3} (You
                  | found it on level 8 of the Dungeon)
  8869 | D:9      | Found a basalt altar of Yredelemnul.
  8887 | D:9      | Reached ***** piety under Cheibriados
  9182 | D:9      | Found a hide-covered altar of Uskayaw.
  9183 | D:9      | Found an ancient bone altar of Kikubaaqudgha.
  9194 | D:9      | Found a bloodstained altar of Trog.
  9199 | D:9      | Found a shattered altar of Ashenzari.
  9199 | D:9      | Found a burning altar of Makhleb.
  9199 | D:9      | Found a glowing silver altar of Zin.
  9199 | D:9      | Found a glowing golden altar of the Shining One.
  9199 | D:9      | Noticed a two-headed ogre
  9210 | D:9      | Killed a two-headed ogre
  9224 | D:9      | Found an ornate altar of the Wu Jian Council.
  9254 | D:9      | Found a runed translucent gate.
  9254 | D:9      | Found a runed translucent gate.
  9254 | D:9      | Noticed Gruesph's ghost (novice MfSk)
  9254 | D:9      | Noticed a kobold demonologist
  9254 | D:9      | Noticed a kobold demonologist
  9255 | D:9      | Found a runed translucent gate.
  9255 | D:9      | Identified the +4 whip of Karma {venom, rElec Str-2 Int-2
                  | Dex+8}
  9259 | D:9      | Noticed a kobold demonologist
  9301 | D:10     | Entered Level 10 of the Dungeon
  9329 | D:10     | Reached XP level 11. HP: 87/87 MP: 14/14
  9544 | D:10     | Found an iron altar of Okawaru.
  9614 | D:10     | Noticed a two-headed ogre
  9621 | D:10     | Killed a two-headed ogre
  9621 | D:10     | Reached skill level 9 in Fighting
  9621 | D:10     | Reached skill level 10 in Armour
  9979 | D:10     | Reached skill level 5 in Invocations
 10034 | D:10     | Noticed a two-headed ogre
 10044 | D:10     | Killed a two-headed ogre
 10169 | D:10     | Found a staircase to the Lair.
 10354 | D:11     | Reached ****** piety under Cheibriados
 10453 | D:11     | Noticed a manticore
 10459 | D:11     | Killed a manticore
 10545 | D:11     | Noticed a cyclops
 10565 | D:11     | Killed a cyclops
 10782 | D:11     | Reached skill level 1 in Shields
 10818 | D:11     | Found a staircase to the Orcish Mines.
 10921 | D:11     | Got a jewelled leather armour
 10928 | D:11     | Found Ciyxus's Food Shop.
 11141 | D:11     | Reached skill level 10 in Fighting
 11351 | D:11     | Reached XP level 12. HP: 97/97 MP: 16/16
 12417 | D:12     | Noticed Josephine
 12430 | D:12     | Killed Josephine
 12981 | D:4      | Killed hasy's ghost
 13098 | D:6      | Killed cada's ghost
 13293 | Lair:1   | Entered Level 1 of the Lair of Beasts
 13338 | Lair:1   | Reached skill level 5 in Shields
 14287 | Lair:2   | Noticed Puolirhi's ghost (journeyman CeWr)
 14342 | Lair:2   | Found a runed translucent gate.
 14342 | Lair:2   | Found a runed translucent gate.
 14359 | Lair:2   | Found a runed translucent gate.
 14395 | Lair:2   | Gained mutation: You can hop long distances. [Barachi
                  | growth]
 14395 | Lair:2   | Reached XP level 13. HP: 95/105 MP: 17/17
 14420 | Lair:2   | You fall into a shaft and drop 2 floors!
 14453 | Lair:4   | Reached skill level 15 in Long Blades
 14464 | Lair:4   | Reached skill level 11 in Fighting
 14582 | Lair:4   | Found a frozen archway.
 14603 | IceCv    | Entered an ice cave
 14815 | IceCv    | Noticed an ice dragon
 14815 | IceCv    | Noticed an ice dragon
 14830 | IceCv    | Killed an ice dragon
 14841 | IceCv    | Killed an ice dragon
 14852 | IceCv    | Got a scintillating lead ring
 15114 | Lair:4   | Identified the ring of Samyluor {*Tele +Inv Str+4} (You
                  | found it in an ice cave)
 15485 | Lair:4   | Found the +8 whip "Snakebite" {curare, rPois}
 16942 | Lair:3   | Found a staircase to the Swamp.
 17035 | Lair:3   | Reached XP level 14. HP: 114/114 MP: 18/18
 17175 | Lair:3   | Upgraded the game from 0.24.1-4-ge52af88ad5 to
                  | 0.24.1-5-g77f818bfca
 17734 | Lair:5   | Reached skill level 12 in Fighting
 17757 | Lair:5   | Reached skill level 10 in Dodging
 17888 | Lair:5   | Reached skill level 10 in Shields
 18183 | Lair:5   | Found a staircase to the Slime Pits.
 18621 | Lair:6   | Entered Level 6 of the Lair of Beasts
 19488 | Lair:6   | Reached XP level 15. HP: 122/122 MP: 20/20
 19726 | Lair:6   | Got a translucent rapier
 20361 | D:9      | Reached skill level 13 in Fighting
 20402 | D:9      | Killed Gruesph's ghost
 20993 | D:13     | Noticed Erolcha
 21009 | D:13     | Killed Erolcha
 22164 | D:14     | Found a gate to the Vaults.
 22694 | D:15     | Entered Level 15 of the Dungeon
 22716 | D:15     | Noticed Onoqeda's ghost (journeyman DsBe)
 22719 | D:15     | Found a transporter.
 22723 | D:15     | Found a transporter.
 22744 | D:15     | Noticed Jorgrun
 22760 | D:15     | Killed Jorgrun
 22823 | D:15     | Found a gate leading to a gauntlet.
 22828 | D:15     | Found Yhittona's General Store.
 22833 | Gauntlet | Entered a Gauntlet
 22833 | Gauntlet | Found a transporter.
 22843 | Gauntlet | Found a transporter.
 22853 | Gauntlet | Found a transporter.
 22854 | Gauntlet | Found a transporter.
 22855 | Gauntlet | Found a transporter.
 22857 | Gauntlet | Found a large runed translucent door.
 22857 | Gauntlet | Found a large runed translucent door.
 22858 | Gauntlet | Found a large runed translucent door.
 22858 | Gauntlet | Found a large runed translucent door.
 22859 | Gauntlet | Found a runed translucent door.
 22859 | Gauntlet | Found a runed translucent door.
 22859 | Gauntlet | Found a large runed translucent door.
 22859 | Gauntlet | Found a large runed translucent door.
 22859 | Gauntlet | Found a large runed translucent door.
 22859 | Gauntlet | Found a large runed translucent door.
 22920 | Gauntlet | Found a transporter.
 22922 | Gauntlet | Found a transporter.
 22938 | Gauntlet | Found a transporter.
 22956 | Gauntlet | Found a transporter.
 23173 | Gauntlet | Found a large runed translucent door.
 23173 | Gauntlet | Found a large runed translucent door.
 23173 | Gauntlet | Found a large runed translucent door.
 23173 | Gauntlet | Found a large runed translucent door.
 23203 | Gauntlet | Found a transporter.
 23245 | Gauntlet | Found a large runed translucent door.
 23250 | Gauntlet | Found a transporter.
 23271 | Gauntlet | Found a large runed translucent door.
 23273 | Gauntlet | Found a runed translucent gate.
 23274 | Gauntlet | Found a runed translucent gate.
 23275 | Gauntlet | Found a runed translucent gate.
 23277 | Gauntlet | Found a large runed translucent door.
 23278 | Gauntlet | Found a large runed translucent door.
 23331 | Gauntlet | Found a transporter.
 23332 | Gauntlet | Found the ring of the Octopus King
 23346 | Gauntlet | Got a ring of the Octopus King
 23359 | Gauntlet | Identified a ring of the Octopus King {Wiz AC+1 EV+1 Str+1
                  | Int+1 Dex+1} (You found it in a Gauntlet)
 23370 | Gauntlet | Found a transporter.
 23493 | D:15     | Found Bubo's Distillery.
 23502 | D:15     | Bought a potion of curing for 48 gold pieces
 23502 | D:15     | Bought a potion of curing for 48 gold pieces
 23502 | D:15     | Bought a potion of heal wounds for 80 gold pieces
 23502 | D:15     | Bought a potion of heal wounds for 80 gold pieces
 23502 | D:15     | Bought a potion of heal wounds for 80 gold pieces
 23534 | D:15     | Noticed Roxanne
 23552 | D:15     | Killed Roxanne
 23552 | D:15     | Reached XP level 16. HP: 89/132 MP: 22/22
 23608 | D:15     | Found Odayl's Armour Shoppe.
 23636 | D:15     | Reached skill level 14 in Fighting
 23756 | D:15     | Found Lejif's Jewellery Shoppe.
 24079 | D:15     | Found a staircase to the Depths.
 24115 | D:15     | Noticed a caustic shrike
 24156 | D:15     | Noticed an acid blob
 24156 | D:15     | a caustic shrike changed into an acid blob
 24646 | Swamp:1  | Entered Level 1 of the Swamp
 24823 | Swamp:1  | Noticed a thorn hunter
 24839 | Swamp:1  | Killed a thorn hunter
 25113 | Swamp:1  | You fall into a shaft and drop 1 floor!
 25485 | Swamp:2  | Noticed Frances
 25503 | Swamp:2  | Killed Frances
 26246 | Swamp:3  | Noticed a thorn hunter
 26258 | Swamp:3  | Killed a thorn hunter
 26786 | Swamp:4  | Entered Level 4 of the Swamp
 26815 | Swamp:4  | Reached skill level 15 in Shields
 27174 | Swamp:4  | Reached skill level 10 in Invocations
 27222 | Swamp:4  | Reached skill level 15 in Fighting
 27222 | Swamp:4  | Reached XP level 17. HP: 142/142 MP: 24/24
 27500 | Swamp:4  | Noticed the 27-headed Lernaean hydra
 27519 | Swamp:4  | Killed the 17-headed Lernaean hydra
 27730 | Swamp:4  | Got a decaying rune of Zot
 28622 | Lair:2   | Found a hole to the Spider Nest.
 28960 | Lair:2   | Killed Puolirhi's ghost
 29076 | Spider:1 | Entered Level 1 of the Spider Nest
 30620 | Orc:1    | Entered Level 1 of the Orcish Mines
 30684 | Orc:1    | Gained mutation: Your spells are a little easier to cast,
                  | but a little less powerful. [potion of mutation]
 30684 | Orc:1    | Gained mutation: Scrolls take you a little longer to read.
                  | [potion of mutation]
 30684 | Orc:1    | Gained mutation: Armour fits poorly on your strangely
                  | shaped body. [potion of mutation]
 30684 | Orc:1    | Gained mutation: You are resistant to hostile enchantments.
                  | (MR+) [potion of mutation]
 30685 | Orc:1    | Lost mutation: You are resistant to hostile enchantments.
                  | (MR+) [potion of mutation]
 30685 | Orc:1    | Lost mutation: Armour fits poorly on your strangely shaped
                  | body. [potion of mutation]
 30685 | Orc:1    | Gained mutation: Scrolls take you longer to read. [potion
                  | of mutation]
 30685 | Orc:1    | Gained mutation: Your body sometimes deteriorates upon
                  | taking damage. [potion of mutation]
 30685 | Orc:1    | Gained mutation: You expend magic power (3 MP) to
                  | strengthen your wands. [potion of mutation]
 30686 | Orc:1    | Lost mutation: You expend magic power (3 MP) to strengthen
                  | your wands. [potion of mutation]
 30686 | Orc:1    | Lost mutation: Scrolls take you longer to read. [potion of
                  | mutation]
 30686 | Orc:1    | Lost mutation: Scrolls take you a little longer to read.
                  | [potion of mutation]
 30686 | Orc:1    | Lost mutation: Your body sometimes deteriorates upon taking
                  | damage. [potion of mutation]
 30686 | Orc:1    | Gained mutation: Armour fits poorly on your strangely
                  | shaped body. [potion of mutation]
 30686 | Orc:1    | Gained mutation: Your movements are slightly less
                  | encumbered by armour. (ER -2) [potion of mutation]
 30686 | Orc:1    | Gained mutation: You are surrounded by a mild repulsion
                  | field. (EV +2) [potion of mutation]
 30687 | Orc:1    | Lost mutation: Your spells are a little easier to cast, but
                  | a little less powerful. [potion of mutation]
 30687 | Orc:1    | Lost mutation: Armour fits poorly on your strangely shaped
                  | body. [potion of mutation]
 30687 | Orc:1    | Lost mutation: You are surrounded by a mild repulsion
                  | field. (EV +2) [potion of mutation]
 30687 | Orc:1    | Gained mutation: You are partially covered in large bone
                  | plates. (SH +4) [potion of mutation]
 30687 | Orc:1    | Gained mutation: Your muscles are strong. (Str +2) [potion
                  | of mutation]
 30687 | Orc:1    | Gained mutation: You have very sharp teeth. [potion of
                  | mutation]
 30687 | Orc:1    | Gained mutation: Your skin changes colour to match your
                  | surroundings (Stealth+). [potion of mutation]
 31372 | Orc:1    | Noticed Fannar
 31376 | Orc:1    | Killed Fannar
 31453 | Orc:2    | Entered Level 2 of the Orcish Mines
 31456 | Orc:2    | Reached skill level 16 in Fighting
 31593 | Orc:2    | Found Yni Ybb's Jewellery Emporium.
 31593 | Orc:2    | Found Sejublec's Antique Weapon Boutique.
 31617 | Orc:2    | Reached XP level 18. HP: 118/151 MP: 25/25
 31820 | Orc:2    | Found Mudeul's Book Boutique.
 31820 | Orc:2    | Found Iqufad's Armour Shoppe.
 31859 | Orc:2    | Noticed worthlessgem's ghost (journeyman FoAM)
 32002 | Orc:2    | Noticed Sonja
 32015 | Orc:2    | Killed Sonja
 32082 | Orc:2    | Found a transporter.
 32098 | Orc:2    | Found a staircase to the Elven Halls.
 32116 | Orc:2    | Found a transporter.
 32585 | Spider:2 | Noticed Louise
 32605 | Spider:2 | Killed Louise
 32698 | Spider:2 | Noticed Arachne
 32721 | Spider:2 | Killed Arachne
 33182 | Spider:3 | Noticed Nikola
 33194 | Spider:3 | Killed Nikola
 33469 | Spider:3 | Reached skill level 15 in Dodging
 34459 | Spider:4 | Entered Level 4 of the Spider Nest
 34560 | Spider:4 | Reached skill level 17 in Fighting
 34646 | Spider:4 | Upgraded the game from 0.24.1-5-g77f818bfca to
                  | 0.24.1-8-ga250c9d538
 35212 | Spider:4 | Reached XP level 19. HP: 144/161 MP: 0/26
 35529 | Spider:4 | Got a gossamer rune of Zot
 36050 | Vaults:1 | Entered Level 1 of the Vaults
 37442 | Vaults:2 | Found a flickering gateway to a bazaar.
 37452 | Bazaar   | Entered a bazaar
 37456 | Bazaar   | Found Xedufeon's Jewellery Boutique.
 37474 | Bazaar   | Found Weoredaj's Antique Weapon Emporium.
 37491 | Bazaar   | Found Ilyaw's Armour Boutique.
 37496 | Bazaar   | Bought the +0 helmet of Supple Strength {*Slow rN+++ Str+4}
                  | for 388 gold pieces
 37508 | Bazaar   | Found Qoownept's Antique Armour Shoppe.
 37679 | Vaults:2 | Reached skill level 18 in Fighting
 37810 | Vaults:2 | Noticed Margery
 37826 | Vaults:2 | Killed Margery
 38012 | Vaults:2 | Found a staircase to the Crypt.
 38057 | Vaults:2 | Reached XP level 20. HP: 171/171 MP: 27/27
 39075 | Vaults:2 | Found a portal to a secret trove of treasure.
 40211 | Vaults:3 | Got a fine buckler
 40469 | Vaults:4 | Reached skill level 19 in Fighting
 40574 | Vaults:4 | Reached XP level 21. HP: 180/180 MP: 30/30
 41343 | Vaults:4 | Found Fyhacs's Distillery.
 41352 | Vaults:4 | Bought a potion of heal wounds for 85 gold pieces
 41352 | Vaults:4 | Bought a potion of heal wounds for 85 gold pieces
 41352 | Vaults:4 | Bought a potion of might for 68 gold pieces
 41764 | Vaults:4 | Noticed Bai Suzhen
 41781 | Vaults:4 | Killed Bai Suzhen
 42082 | Depths:1 | Entered Level 1 of the Depths
 42788 | Depths:1 | Found a gateway to Hell.
 42817 | Depths:1 | Found a gateway to a ziggurat.
 42994 | Depths:1 | You fall into a shaft and drop 1 floor!
 42995 | Depths:2 | Noticed a golden dragon
 43004 | Depths:2 | Killed a golden dragon
 43121 | Depths:2 | Reached XP level 22. HP: 166/190 MP: 32/32
 43339 | Depths:2 | Noticed a caustic shrike
 43339 | Depths:2 | Noticed a juggernaut
 43340 | Depths:2 | Noticed a juggernaut
 43352 | Depths:2 | Killed a juggernaut
 43360 | Depths:2 | Killed a caustic shrike
 43377 | Depths:2 | Killed a juggernaut
 43377 | Depths:2 | Reached skill level 20 in Fighting
 43524 | Depths:2 | Found the +4 dagger "Morg" {pain, MR+ Int+5}
 43536 | Depths:2 | Got a bloodstained dagger
 43620 | Depths:2 | Reached skill level 15 in Armour
 43635 | Depths:2 | Identified the +3 war axe of Accord {freeze, Str+5}
 43635 | Depths:2 | Identified the cursed +0 robe of Lamuwoso {Dex+4}
 43774 | Depths:2 | Noticed Saint Roka
 43795 | Depths:2 | Killed Saint Roka
 44202 | Depths:2 | Found the +8 Wrath of Trog {antimagic, *Rage}
 44228 | Depths:2 | Reached skill level 5 in Throwing
 44560 | Depths:2 | Found a one-way gate leading to the halls of Pandemonium.
 44575 | Depths:2 | Found Ataed's Antique Armour Shop.
 44590 | Depths:2 | Found a one-way gate to the infinite horrors of the Abyss.
 44614 | Depths:2 | Found Geuxef's Jewellery Emporium.
 44621 | Depths:2 | Found Timiaff's General Store.
 44625 | Depths:2 | Bought the ring "Izxiqu Piete" {rCorr Str+9 Dex+3} for 730
                  | gold pieces
 44686 | Depths:2 | Bought a potion of heal wounds for 65 gold pieces
 44686 | Depths:2 | Bought a scroll of enchant armour for 97 gold pieces
 44686 | Depths:2 | Bought a scroll of teleportation for 39 gold pieces
 44686 | Depths:2 | Bought a potion of curing for 39 gold pieces
 44686 | Depths:2 | Bought a scroll of teleportation for 39 gold pieces
 44728 | Depths:2 | Got a dazzling buckler
 44785 | Depths:2 | Noticed Aizul
 44793 | Depths:2 | Killed Aizul
 44821 | Depths:2 | Found Monwethu's Antique Armour Boutique.
 45187 | Depths:2 | Reached skill level 15 in Invocations
 45665 | Depths:1 | Reached XP level 23. HP: 198/198 MP: 34/34
 46456 | Depths:3 | Paralysed by a floating eye for 2 turns
 46466 | Depths:3 | Paralysed by a floating eye for 4 turns
 46962 | Depths:3 | Paralysed by a floating eye for 4 turns
 47218 | Depths:3 | Found a runed translucent door.
 47219 | Depths:3 | Noticed Vukekh Huta's ghost (veteran BaIE)
 47833 | Depths:3 | Killed Vukekh Huta's ghost
 48104 | Depths:4 | Noticed a golden dragon
 48120 | Depths:4 | Killed a golden dragon
 48217 | Depths:4 | Reached skill level 21 in Fighting
 48377 | Depths:4 | Noticed a golden dragon
 48384 | Depths:4 | Killed a golden dragon
 48925 | Depths:4 | Reached XP level 24. HP: 173/208 MP: 35/35
 48956 | Depths:3 | Reached skill level 10 in Throwing
 49819 | Depths:5 | Entered Level 5 of the Depths
 50192 | Depths:5 | Found a gate to the Realm of Zot.
 50333 | Depths:5 | Noticed a caustic shrike
 50333 | Depths:5 | Noticed a caustic shrike
 50334 | Depths:5 | Noticed a caustic shrike
 50340 | Depths:5 | Killed a caustic shrike
 50351 | Depths:5 | Killed a caustic shrike
 50355 | Depths:5 | Killed a caustic shrike
 50362 | Depths:5 | Paralysed by a floating eye for 4 turns
 51398 | D:15     | Killed Onoqeda's ghost
 51654 | Vaults:5 | Entered Level 5 of the Vaults
 52386 | Vaults:4 | Reached XP level 25. HP: 101/216 MP: 35/35
 52397 | Vaults:4 | HP: 10/216 [two-headed ogre/+0 giant spiked club (4)]
 53087 | Vaults:5 | Identified the +6 hand axe of Ruanaw {drain, rPois MP+9
                  | Str-4 Dex+4}
 53097 | Vaults:5 | Demolished by a titan

Levels and vault maps discovered:
D:1:      ncdulo_halloftheorcs, layout_loops_ring
D:2:      layout_loops_ring
D:3:      layout_basic, gup_sewer_entry_spiral
D:4:      layout_rooms, temple_fountains, ebering_ghost_inner_flame,
          kennysheep_path_1, uniq_blork_the_orc
D:5:      layout_loops_ring, nicolae_overflow_hidden_temple, first_ration,
          uniq_ijyb, uniq_eustachio, uniq_grinder
D:6:      layout_rooms, marbit_many_paths, overflow_temple_1_default,
          ebering_ghost_sewer_d
D:7:      layout_basic, kennysheep_mini
D:8:      layout_layer_cave, basic_altar, hangedman_incinerator, uniq_harold
D:9:      layout_roguey, grunt_temple_overflow_open,
          gammafunk_ghost_nasty_kobolds, grunt_pizzeria, lemuel_centaur_altar
D:10:     layout_loops_ring, david_lair_shrubbed, okawaru_humans
D:11:     layout_basic, erik_orc_3, serial_shops, shop
D:12:     minmay_connected_triangles_in_corner, layout_rooms, uniq_josephine
D:13:     layout_roguey, uniq_erolcha
D:14:     layout_loops_ring, david_vaults_2
D:15:     gammafunk_enter_depths_forms, layout_basic, serial_shops,
          nicolae_shop_stone, nicolae_shop_stone, shop, shop,
          gauntlet_entry_generic, gammafunk_ghost_arena, uniq_roxanne,
          uniq_jorgrun
Temple:   eino_temple_lava
Lair:1:   layout_cave_pods
Lair:2:   layout_regular_city, spider_nest_entry_rubble, gammafunk_ghost_icy,
          st_stairs_11, lemuel_fruit_tree
Lair:3:   layout_chaotic_city, skrybe_swamp_entry_bodies,
          cheibrodos_lair_reptile_den, grunt_megastairs_4
Lair:4:   minmay_guarded_unrand_snakebite, layout_cave_pods,
          portal_ice_cave_entry_pillars_1, kennysheep_abandoned_house
Lair:5:   layout_cave_pods, slime_dummy, minmay_lair_drake_nest
Lair:6:   minmay_lair_end_frog_pond, layout_regular_city
Swamp:1:  layout_basic_swamp, nicolae_swamp_trees_clearing
Swamp:2:  layout_falls_marsh, evilmike_swamp_ruin_house_2, lightli_tree_ring,
          uniq_frances
Swamp:3:  layout_falls_marsh, evilmike_swamp_ruin_house_1,
          infiniplex_staircase_pool
Swamp:4:  swamp_old_school, layout_basic_swamp
Spider:1: layout_spider_delve
Spider:2: layout_spider_delve, nicolae_spider_nook, uniq_arachne, uniq_louise
Spider:3: layout_chambers, zaba_anthell, uniq_nikola
Spider:4: guppyfry_spider_rune
Orc:1:    cheibrodos_orc_bank, layout_diamond_mine, lightli_orcish_oven,
          uniq_fannar
Orc:2:    st_orc_ogre_mass, layout_caves, gammafunk_ghost_stat_death, uniq_sonja
Vaults:1: v_misc_8, nicolae_vaults_little_ls, v_misc_2, vaults_mumra_lcd,
          nicolae_vaults_ninety_degrees, v_rooms_3, v_pattern_4,
          layout_vaults_omnigrid
Vaults:2: hangedman_vaults_pinch, v_misc_3, nicolae_vaults_rhombus_6,
          nicolae_vaults_network_star, nicolae_vaults_angled_halls, v_rooms_6,
          minmay_crypt_entry_vampire_xt, nicolae_vaults_quartermaster,
          v_misc_31, vaults_room_corners, nicolae_vaults_rhombus_7, v_misc_23,
          vaults_room_pool, grunt_vaults_hallway_long, layout_vaults_omnicross,
          serial_shops, bzr_in_the_mist, nicolae_trove_entry_crystal,
          uniq_margery
Vaults:3: ontoclasm_vaults_hangar, nicolae_vaults_little_squares_4,
          vaults_standard_mumra_x, vaults_room_door_hall, v_pattern_3,
          vaults_mumra_chevron_long, vaults_room_grid,
          nicolae_vaults_sealed_display, vaults_room_pool,
          hangedman_vaults_slice, serial_ice_h, v_alt_pattern_6,
          vaults_room_hallway, layout_vaults_ring
Vaults:4: ontoclasm_vaults_claustrophobia, nicolae_vaults_alarming,
          vaults_standard_mumra_enter_the_diamond, st_check, v_misc_13,
          hangedman_vaults_stagger, nicolae_vaults_stairing_the_circle,
          nicolae_vaults_theta, v_misc_28, v_misc_2, layout_vaults_omnibox,
          serial_shops, shop, mu_enter_wizlab_5, uniq_bai_suzhen
Vaults:5: serial_shops, uniq_boris, uniq_jory
Depths:1: layout_basic, enter_ziggurat_f, pf_coc_iceberg, grunt_ministairs_11,
          roderic_roman_lattice, chequers_serial_rivers_room_a,
          minmay_the_grid_2x2 [minmay_the_grid_box_x, minmay_the_grid_paths,
          minmay_the_grid_garden, minmay_the_grid_prize_trominoes],
          serial_bayou_shore_a
Depths:2: kennysheep_large_vault, layout_long_grid, pan_entry, hell_entry,
          serial_shops, shop, nicolae_shop_statue_plus, kennysheep_mini_moat,
          shop_statue, abyss_entry, minmay_guarded_unrand_wrath_of_trog,
          uniq_saint_roka, uniq_aizul
Depths:3: minmay_spriggan_fort, layout_honeycomb, abyss_entry_crystal,
          ebering_ghost_reflecting_pool, grunt_pan_entry_spiral, hell_entry
Depths:4: minmay_blocking_statues, layout_cave_shapes, hell_entry,
          minmay_room_of_horrors, minmay_tree_intersection,
          infiniplex_staircase_split_hallway
Depths:5: grunt_twist_and_shout, layout_small_grid, chequers_decorated_corner,
          pf_vacation_house_of_asmodeus, chequers_serial_rivers_room_a

Skill      XL: |  1  2  3  4  5  6  7  8  9 10 11 12 13 14 15 16 17 18 19 20 21 22 23 24 25 |
---------------+----------------------------------------------------------------------------+-----
Long Blades    | 4 5 6 7 9 11 12 13 14 16 | 16.0
Fighting       | 3 4 5 6 7 8 10 11 12 13 15 16 17 18 19 20 21 | 21.9
Armour         | 1 2 3 4 5 7 9 10 11 12 13 14 15 16 17 | 17.8
Dodging        | 4 5 6 7 8 9 10 12 13 14 15 16 17 18 19 20 | 20.0
Invocations    | 1 3 4 5 6 7 8 10 12 13 15 16 17 | 17.6
Shields        | 2 6 9 11 13 15 17 18 20 | 20.3
Throwing       | 6 9 12 | 12.6

Action                   |  1- 3 |  4- 6 |  7- 9 | 10-12 | 13-15 | 16-18 | 19-21 | 22-24 | 25-27 || total
-------------------------+-------+-------+-------+-------+-------+-------+-------+-------+-------++-------
Melee: Long sword        |    82 |   194 |   371 |   759 |  1114 |       |       |       |       ||  2520
       Unarmed           |       |       |    29 |       |       |       |       |       |       ||    29
       Scimitar          |       |       |       |       |   326 |  1652 |  1340 |  1248 |   102 ||  4668
       Bite              |       |       |       |       |       |   152 |   361 |   342 |    26 ||   881
Throw: Throwing net      |     1 |       |       |       |       |       |       |       |       ||     1
       Stone             |    26 |    88 |   100 |   258 |   281 |   278 |   113 |    46 |    55 ||  1245
Invok: Slouch            |       |       |       |     1 |       |     2 |     4 |     5 |       ||    12
 Abil: Hop               |       |       |     2 |     1 |       |     2 |       |     4 |       ||     9
  Use: Scroll            |       |       |    17 |     8 |     8 |     6 |    13 |     1 |     1 ||    54
       Potion            |       |       |       |       |       |     5 |       |     2 |     2 ||     9
 Stab: Confused          |       |       |       |       |       |     5 |       |       |       ||     5
       Invisible         |       |       |       |       |       |       |       |     1 |       ||     1
  Eat: Chunk             |    17 |     5 |     6 |    12 |    22 |    20 |    19 |    16 |     1 ||   118
       Ration            |       |       |       |     1 |       |     2 |       |     1 |       ||     4
Armor: Ring mail         |    35 |    56 |       |       |       |       |       |       |       ||    91
       Leather armour    |     3 |       |       |       |       |       |       |       |       ||     3
       Scale mail        |       |    23 |   205 |       |       |       |       |       |       ||   228
       Plate armour      |       |       |    19 |   543 |   492 |   610 |   222 |   298 |    17 ||  2201
Dodge: Dodged            |    57 |   138 |   383 |   460 |   696 |   971 |   557 |   897 |    77 ||  4236
Block: Shield            |       |       |       |   301 |  1005 |       |       |       |       ||  1306
       Large shield      |       |       |       |       |     5 |  2716 |  2171 |  2779 |   244 ||  7915
       Reflection        |       |       |       |       |       |       |    17 |    96 |    14 ||   127
       Rpst.: Long sword |    19 |    48 |   102 |   107 |   127 |       |       |       |       ||   403
       Scimitar          |       |       |       |       |    37 |   145 |    93 |   125 |     8 ||   408
